 Dungeon Crawl Stone Soup version 0.27.1-2-g3b301248ec (webtiles) character file.

Game seed: 9843392877732072153

44 Crownlay the Chiller (level 3, -1/25 HPs)
             Began as a Gnoll Ice Elementalist on Sept 23, 2021.
             Slain by a gnoll (9 damage)
             ... on level 2 of the Dungeon.
             The game lasted 00:01:20 (1352 turns).

Crownlay the Chiller (Gnoll Ice Elementalist)       Turns: 1352, Time: 00:01:20

Health: -1/25      AC:  2    Str:  7    XL:     3   Next: 62%
Magic:  8/9        EV: 10    Int: 15    God:
Gold:   18         SH:  0    Dex: 12    Spells: 5/12 levels left

rFire    . . .     SeeInvis .   b - +0 flail
rCold    . . .     Faith    .   (no shield)
rNeg     . . .     Spirit   .   a - +0 robe
rPois    .         Reflect  .   (no helmet)
rElec    .         Harm     .   (no cloak)
rCorr    .         Rampage  .   (no gloves)
Will     .....                  (no boots)
Stlth    ++........             (no amulet)
HPRegen  0.08/turn              (no ring)
MPRegen  0.11/turn              (no ring)

@: constricted
A: fangs 1, strong nose, distributed training
a: no special abilities


You were on level 2 of the Dungeon.
You visited 1 branch of the dungeon, and saw 2 of its levels.

You collected 18 gold pieces.

Inventory:

Hand Weapons
 b - a +0 flail (weapon)
Armour
 a - a +0 robe (worn)
Scrolls
 c - a scroll of magic mapping {unknown}
 e - a scroll of enchant armour {unknown}
Potions
 d - 3 potions of lignification {unknown}
 f - 2 potions of heal wounds {unknown}


   Skills:
 + Level 0.9 Fighting
 + Level 0.9 Short Blades
 + Level 0.9 Long Blades
 + Level 0.9 Axes
 + Level 0.9 Maces & Flails
 + Level 0.9 Polearms
 + Level 0.9 Staves
 + Level 0.9 Slings
 + Level 0.9 Bows
 + Level 0.9 Crossbows
 + Level 0.9 Throwing
 + Level 0.9 Armour
 + Level 4.5 Dodging
 + Level 4.2 Stealth
 + Level 0.9 Shields
 + Level 0.9 Unarmed Combat
 + Level 5.0 Spellcasting
 + Level 0.6 Conjurations
 + Level 0.6 Hexes
 + Level 0.6 Summonings
 + Level 0.6 Necromancy
 + Level 0.6 Translocations
 + Level 0.6 Transmutations
 + Level 0.6 Fire Magic
 + Level 7.1 Ice Magic
 + Level 0.6 Air Magic
 + Level 0.6 Earth Magic
 + Level 0.6 Poison Magic
 + Level 1.0 Invocations
 + Level 0.9 Evocations


You had 5 spell levels left.
You knew the following spells:

 Your Spells              Type           Power      Damage    Failure   Level
a - Freeze                Ice            100%       1d11      1%          1
b - Frozen Ramparts       Ice            50%        1d7       2%          3
c - Ozocubu's Armour      Ice            25%        N/A       2%          3

Your spell library contained the following spells:

 Spells                   Type           Power      Damage    Failure   Level
 Hailstorm                Conj/Ice       15%        3d5       32%         4


Dungeon Overview and Level Annotations

Branches:
Dungeon (2/15)

Altars:


Innate Abilities, Weirdness & Mutations

You have very sharp teeth.
Your uncanny sense of smell can sniff out nearby items.
Your experience applies equally to all skills.


Message History

You climb downwards.
Found a stone staircase leading up.
There is a stone staircase leading up here.
You open the door.
There is an open door here.
You open the door.
A hobgoblin comes into view.
The hobgoblin shouts!
Found a mace.
There is an open door here.
The hobgoblin hits you but does no damage.
You hit the hobgoblin.
You kill the hobgoblin!
You can't see any susceptible monsters within range! (Use Z to cast anyway.)
Found a mace.
Found 2 murky coppery potions.
Found a stone staircase leading down.
d - 3 murky coppery potions (gained 2)
There is a stone staircase leading down here.
You open the door.
There is an open door here.
A ball python comes into view.
A gnoll comes into view. It is wielding a +0 flail.
The gnoll shouts!
You hear a shout!
A gnoll comes into view. It is wielding a +0 spear.
A gnoll comes into view. It is wielding a +0 spear.
The gnoll shouts!
The gnoll barely misses you.
You freeze the gnoll.
The gnoll is heavily wounded.
The gnoll shouts!
The ball python hisses angrily.
The gnoll barely misses you. The gnoll closely misses you.
The gnoll barely misses you. The gnoll closely misses you.
The gnoll hits you with a +0 spear!
You hit the gnoll.
The gnoll is moderately wounded.
The ball python closely misses you. The ball python grabs you.
The ball python constricts you. The gnoll hits you with a +0 flail!
The gnoll barely misses you. The ball python closely misses you.
The ball python constricts you. The gnoll hits you with a +0 spear!
You die...

###.#.#.. # .....#.#
.## ##......##... .
#.............
..##.............
.....g............
#..Sg..........
#..g@.........
#...........#
#...........#
###.........#
###.........#####.
#........#.........
∆
.......##.#.........
.......##.#.........
.......#............


You could see 3 gnolls and a ball python.

Vanquished Creatures
  A gnoll (D:1)
  A dart slug (D:1)
  6 endoplasms (D:1)
  3 goblins (D:1)
  4 hobgoblins
  2 quokkas (D:1)
  3 ball pythons (D:1)
  2 bats (D:1)
  A frilled lizard (D:1)
  4 kobolds (D:1)
  A rat (D:1)
28 creatures vanquished.

Notes
Turn   | Place    | Note
-------+----------+-------------------------------------------
     0 | D:1      | Crownlay the Gnoll Ice Elementalist began the quest for the
                  | Orb.
     0 | D:1      | Reached XP level 1. HP: 13/13 MP: 6/6
   231 | D:1      | Reached XP level 2. HP: 19/19 MP: 3/7
   522 | D:1      | Reached XP level 3. HP: 21/25 MP: 5/9
   525 | D:1      | Reached skill level 5 in Spellcasting
   838 | D:1      | Found a faded altar of an unknown god.
   876 | D:1      | Learned a level 3 spell: Frozen Ramparts
   880 | D:1      | Learned a level 3 spell: Ozocubu's Armour
   895 | D:1      | Reached skill level 1 in Invocations
  1352 | D:2      | Slain by a gnoll

Illustrated notes

Levels and vault maps discovered:
D:1:      dpeg_arrival_simpleton_c, layout_loops_ring,
          chequers_ecumenical_altar_grove, st_stairs_8
D:2:      layout_basic, dk_noncrumbling_4

Skill      XL: |  1  2  3 |
---------------+----------+-----
Spellcasting   | 5 |  5.0
Invocations    | 1 |  1.0
Fighting       | |  0.9
Short Blades   | |  0.9
Long Blades    | |  0.9
Axes           | |  0.9
Maces & Flails | |  0.9
Polearms       | |  0.9
Staves         | |  0.9
Slings         | |  0.9
Bows           | |  0.9
Crossbows      | |  0.9
Throwing       | |  0.9
Armour         | |  0.9
Dodging        | |  4.5
Stealth        | |  4.2
Shields        | |  0.9
Unarmed Combat | |  0.9
Conjurations   | |  0.6
Hexes          | |  0.6
Summonings     | |  0.6
Necromancy     | |  0.6
Translocations | |  0.6
Transmutations | |  0.6
Fire Magic     | |  0.6
Ice Magic      | |  7.1
Air Magic      | |  0.6
Earth Magic    | |  0.6
Poison Magic   | |  0.6
Evocations     | |  0.9

Action                   || total
-------------------------++-------
Melee: Unarmed           ||     8
       Bite              ||     1
       Flail             ||     5
 Cast: Freeze            ||    34
Armor: Robe              ||     5
Dodge: Dodged            ||    26
